AoeStats
← Hamza Khan

Arena

511634603Analyzed
4v4 RM · 13d ago on Oct 5, 2026· 38m 44s· 8 players
Game mode
Random Map
Map size
Large (8 player)
Population
200
Speed
Normal
Resources
Standard
Victory
Conquest
Starting age
Dark Age
Ending age
Imperial Age
RankedLock teamsTeams togetherTeam positionsShared explorationLock speedFull tech treeHidden civsTurbo modeCheats
Victory
Defeat
🇹🇷 Italians · Türkiye
894
+15
🇨🇿 Huns · Czechia
847
+17
🇸🇪 Burgundians · Sweden
842
+17
🇨🇴 Portuguese · Colombia
816
+17
vs
924
-20
🇹🇼 Shu · Taiwan
881
-17
🇨🇱 Wu · Chile
835
-15
🇧🇷 Britons · Brazil
811
-14
madness
11:30 Feudal Age
16:02 Castle Age
14:11 Double-Bit Axe
16:21 Wheelbarrow
15:29 Horse Collar
23:51 Forging
23:51 Gold Mining
24:22 Heavy Plow
29:27 Imperial Age
27:46 Hand Cart
28:39 Iron Casting
28:10 Scale Barding Armor
29:25 Husbandry
29:36 Bloodlines
30:14 Gold Shaft Mining
30:08 Chain Barding Armor
29:42 Elite Tarkan
30:43 Conscription
31:24 Blast Furnace
31:23 Plate Barding Armor
30:58 Marauders
31:44 Loom
31:44 Town Watch
32:13 Bow Saw
31:55 Stone Mining
33:30 Town Patrol
BALROG
12:32 Feudal Age
12:02 Loom
13:55 Double-Bit Axe
18:58 Castle Age
17:46 Stone Mining
17:47 Gold Mining
17:44 Horse Collar
19:19 Pikeman
20:49 Stone Shaft Mining
24:18 Bow Saw
33:29 Imperial Age
32:22 Heavy Plow
34:56 Cavalier
37:14 Scale Barding Armor
YAHVEH
12:00 Feudal Age
10:16 Loom
13:53 Double-Bit Axe
14:19 Horse Collar
17:36 Castle Age
15:36 Gold Mining
15:41 Fletching
15:51 Padded Archer Armor
19:54 Heavy Plow
22:54 Bow Saw
25:31 Town Watch
26:28 Bodkin Arrow
27:38 Wheelbarrow
27:25 Stone Mining
29:06 Ballistics
28:27 Treadmill Crane
28:27 Crossbowman
29:47 Thumb Ring
29:35 Elite Skirmisher
30:57 Hand Cart
31:01 Leather Archer Armor
34:16 Imperial Age
32:54 Town Patrol
32:53 Murder Holes
33:10 Masonry
35:15 Stone Shaft Mining
34:16 Arbalester
34:19 Elite Genoese Crossbowman
35:04 Bracer
35:52 Conscription
36:10 Crop Rotation
36:55 Two-Man Saw
37:38 Ring Archer Armor
38:39 Chemistry
38:10 Architecture
Hamza Khan
0:30 Loom
10:55 Feudal Age
9:59 Double-Bit Axe
10:37 Horse Collar
12:11 Wheelbarrow
12:28 Bow Saw
13:25 Heavy Plow
16:03 Hand Cart
19:02 Castle Age
17:33 Stone Mining
17:50 Gold Mining
18:48 Stone Shaft Mining
18:33 Town Watch
19:39 Pikeman
20:55 Squires
22:14 Two-Man Saw
25:41 Crop Rotation
29:44 Fortified Wall
31:07 Gold Shaft Mining
32:35 Elite Skirmisher
35:53 Imperial Age
32:48 Elite Skirmisher
33:58 Town Watch
37:39 Chemistry
37:07 Conscription
36:38 Arson
37:14 Scale Barding Armor
37:10 Scale Mail Armor
37:20 Forging
37:20 Burgundian Vineyards
38:35 Chain Barding Armor
38:34 Treadmill Crane
39:12 Chain Mail Armor
Lautenaius Maximus
10:42 Feudal Age
11:12 Horse Collar
12:19 Double-Bit Axe
18:34 Castle Age
17:19 Stone Mining
18:59 Wheelbarrow
23:51 Yeomen
23:34 Fletching
25:30 Bodkin Arrow
26:09 Gold Mining
27:22 Ballistics
34:04 Imperial Age
32:10 Yeomen
32:56 Fortified Wall
35:11 Murder Holes
36:17 Chemistry
37:25 Conscription
セバスティアン
10:35 Feudal Age
10:56 Loom
16:09 Castle Age
14:41 Double-Bit Axe
15:23 Fletching
17:01 Bow Saw
18:25 Padded Archer Armor
19:48 Horse Collar
22:20 Crossbowman
25:44 Gold Mining
30:31 Heavy Plow
33:36 Imperial Age
32:10 Ballistics
34:22 Leather Archer Armor
34:45 Bodkin Arrow
36:36 Thumb Ring
39:05 Chemistry
[TW] ASEE
10:21 Feudal Age
15:37 Castle Age
15:02 Double-Bit Axe
15:08 Loom
15:19 Stone Mining
22:17 Bow Saw
23:01 Horse Collar
26:47 Heavy Plow
27:39 Wheelbarrow
27:35 Crossbowman
29:19 Thumb Ring
29:42 Fletching
32:52 Imperial Age
32:58 Hand Cart
33:02 Town Watch
33:37 Capped Ram
34:19 Gold Mining
36:04 Chemistry
36:09 Conscription
37:14 Ballistics
36:20 Siege Ram
36:27 Arbalester
37:07 Bodkin Arrow
37:13 Padded Archer Armor
38:07 Hoardings
Shalashaska
1:10 Loom
10:54 Feudal Age
12:34 Horse Collar
19:11 Castle Age
17:19 Double-Bit Axe
17:27 Gold Mining
18:19 Scale Barding Armor
18:28 Forging
18:38 Stone Mining
19:39 Scale Barding Armor
23:14 Bow Saw
23:06 Heavy Plow
22:47 Man-at-Arms
23:52 Long Swordsman
26:05 Scale Mail Armor
26:41 Iron Casting
26:01 Arson
28:43 Chain Mail Armor
28:59 Squires
29:29 Pikeman
31:24 Wheelbarrow
30:34 Town Watch
31:24 Fletching
37:38 Imperial Age
36:26 Padded Archer Armor
36:22 Bodkin Arrow
Connection lost

Rejoining the realm…

Still unreachable

The connection could not be restored.

Session expired

The server has moved on; the page needs a fresh start.